 Dungeon Crawl Stone Soup version 0.25.1-1-g288607f5aa (webtiles) character file.

Game seed: 15462773145276203585

29 Descartes the Sneak (level 3, -1/14 HPs)
             Began as a Felid Enchanter on July 21, 2020.
             Slain by an adder (4 damage)
             ... on level 2 of the Dungeon.
             The game lasted 00:02:30 (1315 turns).

Descartes the Sneak (Felid Enchanter)               Turns: 1315, Time: 00:02:30

Health: -1/14      AC:  1    Str:  5    XL:     3   Next: 1%
Magic:  7/7        EV: 19    Int: 16    God:
Gold:   44         SH:  0    Dex: 16    Spells: 6/6 levels left
                                        Lives:  0   Deaths: 0

rFire    . . .     SeeInvis +     - Unarmed
rCold    . . .     Gourm    .   (shield unavailable)
rNeg     . . .     Faith    .   (armour unavailable)
rPois    .         Spirit   .   (helmet unavailable)
rElec    .         Reflect  .   (cloak unavailable)
rCorr    +         Harm     .   (gloves unavailable)
MR       .....                  (boots unavailable)
Stlth    ++........             (no amulet)
HPRegen  0.04/turn              j - ring of resist corrosion
MPRegen  0.10/turn              k - ring of attention (curse)

@: quick
A: very small, no armour, no weapons or thrown items, stealth, claws 1, fangs 3,
see invisible, carnivore, speed 1, shaggy fur 1, slow metabolism 1, sharp paws
a: no special abilities


You were on level 2 of the Dungeon.
You were completely stuffed.

You visited 1 branch of the dungeon, and saw 2 of its levels.

You collected 44 gold pieces.

Inventory:

Missiles
 f - 30 stones
 h - 48 arrows
Jewellery
 j - a ring of resist corrosion (left paw)
 k - a cursed ring of attention (right paw)
Scrolls
 d - 3 scrolls of teleportation
Potions
 c - 2 potions of degeneration {unknown}
 e - a potion of flight {unknown}
 g - a potion of might {unknown}
Comestibles
 b - 2 rations
 i - 5 chunks of flesh


   Skills:
 + Level 3.8 Dodging
 + Level 5.0 Stealth
 - Level 1.0 Unarmed Combat
 - Level 2.0 Spellcasting
   Level 4.4 Hexes


You had 6 spell levels left.
You didn't know any spells.
Your spell library contained the following spells:

 Spells                   Type           Power        Failure   Level  Hunger
 Corona                   Hex            ###....      3%          1    #......
 Confusing Touch          Hex            ###.....     11%         3    ###....
 Tukima's Dance           Hex            ###.....     11%         3    ###....
 Ensorcelled Hibernation  Hex/Ice        #.....       13%         2    ###....
 Dazzling Flash           Conj/Hex       #.....       26%         3    ###....


Dungeon Overview and Level Annotations

Branches:
Dungeon (2/15)

Altars:


Innate Abilities, Weirdness & Mutations

You cannot wear armour.
You are incapable of wielding weapons or throwing items.
Your paws allow you to move quietly. (Stealth)
You have sharp claws.
You have razor-sharp teeth.
You have supernaturally acute eyesight. (SInv)
You are carnivorous and can eat meat at any time.
You cover ground quickly.
You are covered in fur. (AC +1)
You have a slow metabolism.
Your sharp claws are effective at attacking unaware monsters.


Message History

You scratch the goblin.
You kill the goblin!
You have reached level 3!
Your experience leads to an increase in your attributes!
Increase (S)trength, (I)ntelligence, or (D)exterity?
You feel stronger.
The goblin shoots a stone.
The stone completely misses you.
You see here 2 stones.
The frilled lizard hisses.
The adder closely misses you.
You closely miss the adder. The adder closely misses you.
You scratch the adder.
The adder is moderately wounded.
The adder closely misses you.
You scratch the adder.
The adder is heavily wounded.
The adder bites you.
* * * LOW HITPOINT WARNING * * *
The adder bites you.
You die...

##############
b....g.......######
.........(g..lS@..#
.........)....###.#
..............# #
..............#
................
.......[......###
..............#
.............#


You could see an adder, a goblin and a frilled lizard.

Vanquished Creatures
  An ooze (D:1)
  A dart slug (D:1)
  A leopard gecko (D:1)
  2 bats
  A giant cockroach (D:1)
  5 goblins
  2 hobgoblins
  5 kobolds (D:1)
  A frilled lizard (D:1)
  4 rats (D:1)
23 creatures vanquished.

Notes
Turn   | Place    | Note
-------+----------+-------------------------------------------
     0 | D:1      | Descartes the Felid Enchanter began the quest for the Orb.
     0 | D:1      | Reached XP level 1. HP: 7/7 MP: 4/4
   356 | D:1      | Reached XP level 2. HP: 8/11 MP: 6/6
  1233 | D:2      | Reached skill level 5 in Stealth
  1305 | D:2      | Reached XP level 3. HP: 7/14 MP: 7/7
  1315 | D:2      | Slain by an adder

Illustrated notes

Levels and vault maps discovered:
D:1:      dpeg_arrival_short_road, layout_loops_ring
D:2:      layout_basic, grunt_temple_overflow_forces_of_nature,
          amethyst_overflow_temple_binary

Skill      XL: |  1  2 |
---------------+-------+-----
Dodging        | 3 |  3.8
Stealth        | 5 |  5.0
Unarmed Combat | |  1.0
Spellcasting   | |  2.0
Hexes          | |  4.4

Action                   || total
-------------------------++-------
Melee: Unarmed           ||    64
       Bite              ||     6
  Use: Scroll            ||     2
 Stab: Sleeping          ||    10
       Distracted        ||     1
  Eat: Chunk             ||     8
Armor: Skin              ||     1
Dodge: Dodged            ||    48
